 Dungeon Crawl Stone Soup version 0.20.1-1-g8b1a95d (webtiles) character file.

81 Inarius the Grave Robber (level 4, -3/35 HPs)
             Began as a Hill Orc Necromancer on July 3, 2017.
             Slain by appiemonkey's ghost (14 damage)
             ... on level 3 of the Dungeon.
             The game lasted 00:06:50 (1962 turns).

Inarius the Grave Robber (Hill Orc Necromancer)     Turns: 1962, Time: 00:06:51

Health: -3/35      AC:  5    Str:  8 (10) XL:     4   Next: 40%
Magic:  4/7        EV: 11    Int: 15 (16) God:
Gold:   141        SH:  0    Dex:  8 (11) Spells: 2/7 levels left

rFire    . . .     SeeInvis +   d - +3 spear (venom)
rCold    . . .     Gourm    .   (no shield)
rNeg     . . .     Faith    .   h - +1 leather armour
rPois    .         Spirit   .   (no helmet)
rElec    .         Reflect  .   (no cloak)
rCorr    .         Harm     .   e - +0 pair of gloves
MR       .....     Rnd*Tele +   (no boots)
Stlth    +.........             (no amulet)
Regen    0.2/turn               i - ring of teleportation (curse)
MPRegen  0.1/turn               o - ring of see invisible

@: very slightly contaminated
A: no striking features
a: no special abilities


You were on level 3 of the Dungeon.
You were not hungry.

You visited 1 branch of the dungeon, and saw 3 of its levels.

You collected 141 gold pieces.

Inventory:

Hand Weapons
 d - a +3 spear of venom (weapon)
Armour
 e - a +0 pair of gloves (worn)
 h - a +1 leather armour (worn)
Jewellery
 i - a cursed ring of teleportation (left hand)
 o - a ring of see invisible (right hand)
Scrolls
 a - a scroll of teleportation
 j - a scroll of enchant armour
 k - a scroll of enchant weapon
Potions
 m - a potion of degeneration
Books
 b - a book of Necromancy

   Spells                             Type                      Level
   a - Pain                           Necromancy                   1
   b - Animate Skeleton               Necromancy                   1
   c - Vampiric Draining              Necromancy                   3
   d - Regeneration                   Charms/Necromancy            3
   e - Animate Dead                   Necromancy                   4
   f - Control Undead                 Necromancy                   4
Comestibles
 c - 2 bread rations
 g - 5 chunks of flesh
 l - a meat ration
 n - a royal jelly


   Skills:
 * Level 1.4 Fighting
 * Level 1.9 Armour
 + Level 1.7 Dodging
 - Level 1.5 Stealth
 + Level 2.1 Spellcasting
 * Level 0.1 Charms
 + Level 4.6 Necromancy


You had 2 spell levels left.
You knew the following spells:

 Your Spells              Type           Power        Failure   Level  Hunger
a - Pain                  Necr           ###.         4%          1    #......
b - Animate Skeleton      Necr           N/A          4%          1    #......
c - Regeneration          Chrm/Necr      #.........   34%         3    ###....


Dungeon Overview and Level Annotations

Branches:
Dungeon (3/15)

Altars:

Annotations:
D:3 appiemonkey's ghost, amateur MfFi


Message History

Your goblin skeleton hits appiemonkey's ghost but does no damage.
Your rat skeleton barely misses appiemonkey's ghost.
Your leopard gecko skeleton bites appiemonkey's ghost but does no damage.
Appiemonkey's ghost misses you.
Your goblin skeleton hits appiemonkey's ghost but does no damage.
Your rat skeleton bites appiemonkey's ghost but does no damage.
Your leopard gecko skeleton bites appiemonkey's ghost but does no damage.
Appiemonkey's ghost hits you!
* * * LOW HITPOINT WARNING * * *
Your rat skeleton bites appiemonkey's ghost but does no damage.
Your leopard gecko skeleton bites appiemonkey's ghost.
Your leopard gecko skeleton barely misses appiemonkey's ghost.
You see here a club.
Appiemonkey's ghost wails, "You must not succeed where I failed!"
Casting: Animate Skeleton
Confirm with . or Enter, or press ? or * to list all spells.
You miscast Regeneration.
You are very lightly contaminated with residual magic.
Pain shoots through your body. Appiemonkey's ghost hits you!
You die...

####...# ####..#.......## #
#...# #....###.....## #
#...# #.#### ###..## #
##...# #.########..# #
#....# #.#.........# #
#....########.#.........#
###...Z#.....#..#.........#
Z....##........##.........#
####.#.......Z.W@.........#
#.#..........#####.#...#
#.#.........## #.#.#.#
#.#.........# #.#.#.#
####...........# #.#.#.#
.....##.......## #.#.#.#
..##.#.........# #.#<#.#
#.##.#.........# #.#.#.#
#.#............# #...#.#


You could see appiemonkey's ghost and a friendly leopard gecko skeleton.

Vanquished Creatures
  A gnoll (D:1)
  2 adders
  An ooze (D:2)
  A worm (D:3)
  A dart slug (D:2)
  2 leopard geckos
  3 bats
  3 giant cockroaches
  5 goblins
  4 hobgoblins
  A jackal (D:3)
  5 kobolds
  A quokka (D:3)
  A ball python (D:2)
  4 frilled lizards
  3 rats
38 creatures vanquished.

Vanquished Creatures (collateral kills)
  An ooze (D:2)
  A giant cockroach (D:3)
  A hobgoblin (D:2)
  A kobold (D:2)
4 creatures vanquished.

Grand Total: 42 creatures vanquished

Notes
Turn   | Place    | Note
-------+----------+-------------------------------------------
     0 | D:1      | Inarius the Hill Orc Necromancer began the quest for the Orb.
     0 | D:1      | Reached XP level 1. HP: 14/14 MP: 3/3
    52 | D:1      | Learned a level 1 spell: Animate Skeleton
   203 | D:1      | Reached XP level 2. HP: 22/22 MP: 4/4
   759 | D:2      | Reached skill level 1 in Armour
   759 | D:2      | Reached XP level 3. HP: 22/27 MP: 5/5
   812 | D:2      | Reached skill level 1 in Fighting
   863 | D:2      | Learned a level 3 spell: Regeneration
  1522 | D:2      | Reached XP level 4. HP: 25/35 MP: 3/7
  1925 | D:3      | Noticed appiemonkey's ghost (amateur MfFi)
  1962 | D:3      | Slain by appiemonkey's ghost

Skill      XL: |  1  2  3 |
---------------+----------+-----
Armour         | 1 |  1.9
Fighting       | 1 |  1.4
Spellcasting   | 2 |  2.1
Dodging        | |  1.7
Stealth        | |  1.5
Charms         | |  0.1
Necromancy     | |  4.6

Action                   |  1- 3 |  4- 6 || total
-------------------------+-------+-------++-------
Melee: Spear             |    64 |    32 ||    96
 Cast: Pain              |    11 |     2 ||    13
       Animate Skeleton  |    13 |     5 ||    18
  Use: Scroll            |     5 |       ||     5
       Potion            |       |     2 ||     2
 Stab: Sleeping          |     2 |     1 ||     3
  Eat: Chunk             |     2 |     2 ||     4
Armor: Leather armour    |    14 |    14 ||    28
Dodge: Dodged            |    30 |    17 ||    47
